 Dungeon Crawl Stone Soup version 0.29-a0-993-g4a18f31a58 (webtiles) character file.

Game seed: 4622071139930886496

98 vurker the Ruffian (level 4, -1/24 HPs)
             Began as a Vine Stalker Fighter on Aug 2, 2022.
             Constricted to death by Natasha (4 damage)
             ... on level 2 of the Dungeon.
             The game lasted 00:02:24 (1789 turns).

vurker the Ruffian (Vine Stalker Fighter)           Turns: 1789, Time: 00:02:25

Health: -1/24      AC: 12    Str: 21    XL:     4   Next: 71%
Magic:  0/5        EV:  4    Int:  8    God:
Gold:   61         SH:  5    Dex: 19    Spells: 3/3 levels left

rFire   . . .      SeeInvis .     - Unarmed
rCold   . . .      Faith    .   b - +0 buckler
rNeg    . . .      Spirit   +   j - +0 chain mail
rPois   .          Reflect  .   (no helmet)
rElec   .          Harm     .   (no cloak)
rCorr   .          Rampage  .   f - +2 pair of gloves
Will    .....                   (no boots)
Stlth   ..........              (no amulet)
HPRegen 0.88/turn               h - +6 ring of dexterity
MPRegen 0.09/turn               (no ring)

@: grasped by roots, constricted
A: fangs 2, regeneration 1, magic shield, antimagic bite, no potion heal 2
a: no special abilities


You were on level 2 of the Dungeon.
You visited 1 branch of the dungeon, and saw 2 of its levels.

You collected 61 gold pieces.

Inventory:

Armour
 b - a +0 buckler (worn)
 f - a +2 pair of gloves (worn)
   (You found it on level 1 of the Dungeon)
 j - a +0 chain mail (worn)
   (You found it on level 1 of the Dungeon)
Jewellery
 h - a +6 ring of dexterity (left hand)
   (You found it on level 1 of the Dungeon)
Wands
 l - a wand of roots (8)
   (You found it on level 2 of the Dungeon)
Scrolls
 a - a scroll of teleportation {unknown}
 i - a scroll of silence {unknown}
 k - a scroll of immolation {unknown}
 m - a scroll of amnesia {unknown}
Potions
 c - a potion of might
 d - a potion of haste {unknown}
 e - 3 potions of mutation {unknown}
 g - a potion of attraction {unknown}


   Skills:
 + Level 3.2 Fighting
 + Level 2.9 Armour
 + Level 3.2 Shields
 * Level 3.3 Unarmed Combat


You had 3 spell levels left.
You didn't know any spells.
Your spell library contained the following spells:

 Spells                   Type           Power      Damage    Failure   Level
 Sting                    Tmut/Pois      0%         1d3       99%         1
 Poisonous Vapours        Pois/Air       0%         N/A       100%        2
 Olgreb's Toxic Radiance  Pois           0%         N/A       100%        4


Dungeon Overview and Level Annotations

Branches:
Dungeon (2/15)

Altars:
Uskayaw

Shops:
D:2 (

Annotations:
D:2 Natasha


Innate Abilities, Weirdness & Mutations

You have extremely sharp teeth.
Your natural rate of healing is unusually fast.
When hurt, damage is shared between your health and your magic reserves.
Your bite disrupts and absorbs the magic of your enemies.
Potions cannot restore your health.


Message History

No target in view!
No target in view!
l - a wand of roots (8)
You open the door.
There is an open door here.
There is an open door here.
Found a scroll labelled MIUGOA GIESA.
m - a scroll labelled MIUGOA GIESA You open the door.
There is an open door here.
There is an open door here.
There is an open door here.
Found 10 gold pieces.
You now have 61 gold pieces (gained 10).
Natasha, Servant of Life and Death comes into view.
She is carrying a wand of roots (10).
Natasha hisses angrily.
Natasha extends her claws.
Natasha claws you but does no damage.
You hit Natasha.
Natasha zaps a wand.
The roots erupt in riotous growth!
The grasping roots grab you!
Natasha is unaffected.
The grasping roots constrict you.
You hit Natasha. You block Natasha's attack. The grasping roots constrict you.
You hit Natasha. Your bite misses Natasha. Natasha claws you.
The grasping roots constrict you.
You hit Natasha.
The grasping roots release their grip on you.
You closely miss Natasha. Your bite misses Natasha.
Natasha zaps a wand.
The roots erupt in riotous growth!
The grasping roots grab you!
Natasha is unaffected.
The grasping roots constrict you.
Unknown command.
You hit Natasha. Natasha casts a spell at you. The magic dart hits you.
* * * LOW HITPOINT WARNING * * *
The grasping roots constrict you.
* * * LOW HITPOINT WARNING * * *
You hit Natasha. Your bite misses Natasha.
Natasha claws you but does no damage. The grasping roots constrict you.
* * * LOW HITPOINT WARNING * * *
You completely miss Natasha. You bite Natasha, but do no damage.
Natasha claws you.
* * * LOW HITPOINT WARNING * * *
The grasping roots constrict you.
You die...

#.#.#..#.###..#.######.######
#.#.#..#.# #.##.# #.# #.##
##.#.#..#.###.##.## #.# .....
..................# #.# .....
#..#....#.#.###...#####.# ##.
........#.#.............# ##..
#..#....#.#.###...####### #...
..........#.###...## #...
................@..###########..<
#...............h....[......##...
.............................#...
÷.##.#..#.#..##....######.#.###..
..##.#........................##.
..##.#..#.#..##..).######.#.#..##
............................#†.#
#.####..#.#..##....######..##..##
#.# #..#.#..##............##....


You could see Natasha.

Vanquished Creatures
  Natasha (D:2)
  An adder (D:2)
  2 dart slugs
  9 ball pythons
  5 bats
  5 endoplasms
  3 giant cockroaches
  7 goblins
  6 hobgoblins
  A quokka (D:2)
  4 frilled lizards
  6 kobolds
  5 rats
55 creatures vanquished.

Notes
Turn   | Place    | Note
-------+----------+-------------------------------------------
     0 | D:1      | vurker the Vine Stalker Fighter began the quest for the
                  | Orb.
     0 | D:1      | Reached XP level 1. HP: 11/11 MP: 2/2
    53 | D:1      | Reached XP level 2. HP: 16/16 MP: 3/3
   596 | D:1      | Reached XP level 3. HP: 19/19 MP: 2/4
   902 | D:2      | Noticed Natasha
   912 | D:2      | Killed Natasha
   913 | D:2      | Gained mutation: Your natural rate of healing is unusually
                  | fast. [Vine Stalker growth]
   913 | D:2      | Reached XP level 4. HP: 23/24 MP: 3/5
   996 | D:2      | Found a hide-covered altar of Uskayaw.
  1087 | D:2      | Found Tinui's Weapon Shop.
  1778 | D:2      | Noticed Natasha
  1789 | D:2      | Constricted to death by Natasha

Illustrated notes

Levels and vault maps discovered:
D:1:      ebering_trefoil_3fold, layout_basic, grunt_decor_mini_mirrors
D:2:      layout_basic, basic_altar, serial_shops,
          nicolae_shop_bloodbath_and_beyond, dk_noncrumbling_2,
          kennysheep_small_spiral, grunt_ministairs_10, uniq_natasha

Skill      XL: |  1  2  3 |
---------------+----------+-----
Fighting       | 3 |  3.2
Shields        | 3 |  3.2
Unarmed Combat | 3 |  3.3
Armour         | |  2.9

Action                   |  1- 3 |  4- 6 || total
-------------------------+-------+-------++-------
Melee: Unarmed           |    62 |    67 ||   129
       Bite              |    17 |    18 ||    35
  Use: Scroll            |       |     1 ||     1
Armor: Scale mail        |    18 |       ||    18
       Chain mail        |     3 |    35 ||    38
Dodge: Dodged            |    21 |    16 ||    37
Block: Buckler           |    13 |    10 ||    23

Table legend: (Time is in decaauts)
 A = Elapsed time spent in this place.
 B = Non-inter-level travel time spent in this place.
 C = Inter-level travel time spent in this place.
 D = Time resting spent in this place.
 E = Time spent auto-exploring this place.
 F = Levels seen in this place.
 G = Mean time per level.
                   A        B        C        D        E       F      G
               +--------+--------+--------+--------+--------+-----+--------+
         Total |   1793 |   1760 |     33 |      0 |   1418 |   2 |  896.5 |
       Dungeon |   1793 |   1760 |     33 |      0 |   1418 |   2 |  896.5 |
               +--------+--------+--------+--------+--------+-----+--------+

Top non-repeatable levels by time:
     D:1: 899 daAuts
     D:2: 894 daAuts
